 Dungeon Crawl Stone Soup version 0.30-a0-964-gd452b5e7fa (webtiles) character file.

Game seed: 13137063764289536375

25 MachoJfn the Digger (level 3, 21/21 HPs)
             Began as an Octopode Earth Elementalist on Mar 30, 2023.
             Quit the game on level 2 of the Dungeon.
             The game lasted 00:02:32 (1125 turns).

MachoJfn the Digger (Octopode Earth Elementalist)   Turns: 1125, Time: 00:02:33

Health: 21/21      AC:  1    Str:  9    XL:     3   Next: 4%
Magic:  6/6        EV: 13    Int: 17    God:
Gold:   83         SH:  0    Dex: 18    Spells: 6/7 levels left

rFire   . . .      SeeInvis .    b - +0 spear
rCold   . . .      Faith    .    (no shield)
rNeg    . . .      Spirit   .    (helmet restricted)
rPois   .          Reflect  .    (no amulet)
rElec   .          Rampage  .    c - +6 ring of dexterity
rCorr   .                        (no ring)
Will    .....                    (no ring)
Stlth   +++                      (no ring)
HPRegen 0.23/turn                (no ring)
MPRegen 0.10/turn                (no ring)
                                 (no ring)
                                 (no ring)

@: no status effects
A: almost no armour, amphibious, 8 rings, camouflage 1, gelatinous body 1,
(nimble swimmer 1), tentacles
a: no special abilities


You were on level 2 of the Dungeon.
You visited 1 branch of the dungeon, and saw 2 of its levels.

You collected 83 gold pieces.

Inventory:

Hand Weapons
 b - a +0 spear (weapon)
Jewellery
 c - a +6 ring of dexterity (left tentacle)
Scrolls
 g - a scroll of magic mapping {unknown}
Potions
 d - a potion of lignification {unknown}
 e - a potion of might {unknown}
 f - a potion of brilliance {unknown}


   Skills:
 + Level 2.0 Dodging
 + Level 2.7 Stealth
 + Level 2.5 Spellcasting
 + Level 1.0 Transmutations
 + Level 3.6 Earth Magic


You had 6 spell levels left.
You knew the following spells:

 Your Spells              Type           Power      Damage    Failure   Level
a - Sandblast             Erth           28%        2d8       4%          1

Your spell library contained the following spells:

 Spells                   Type           Power      Damage    Failure   Level
 Passwall                 Tmut/Erth      8%         N/A       11%         2
 Stone Arrow              Conj/Erth      16%        3d8       26%         3
 Petrify                  Tmut/Erth      10%        N/A       56%         4


Dungeon Overview and Level Annotations

Branches:
Dungeon (2/15)

Altars:


Innate Abilities, Weirdness & Mutations

You cannot wear most types of armour.
You are amphibious.
You can wear up to eight rings at the same time.
Your skin changes colour to match your surroundings (Stealth+).
Your rubbery body absorbs attacks. (AC +1, EV +1)
((You are camouflaged when in or above water. (Stealth+)))
You have tentacles for arms and can constrict up to eight enemies at once.


Message History

Confirm with . or Enter, or press ? or * to list all spells.
Aiming: Sandblast (safe; 4% risk of failure)
Press: ? - help, Shift-Dir - straight line, f - you
Okay, then.
Casting: Sandblast (safe; 4% risk of failure)
Confirm with . or Enter, or press ? or * to list all spells.
Aiming: Sandblast (safe; 4% risk of failure)
Press: ? - help, Shift-Dir - straight line, f - adder
Aim: an adder (wandering, hasn't noticed you, 70% to hit)
The blast of sand hits the adder!
The adder is almost dead.
The adder hisses angrily.
Casting: Sandblast (safe; 4% risk of failure)
Confirm with . or Enter, or press ? or * to list all spells.
Aiming: Sandblast (safe; 4% risk of failure)
Press: ? - help, Shift-Dir - straight line, f/p - adder
Aim: an adder (almost dead, 70% to hit)
The blast of sand misses the adder.
The adder misses you.
Casting: Sandblast (safe; 4% risk of failure)
Confirm with . or Enter, or press ? or * to list all spells.
Aiming: Sandblast (safe; 4% risk of failure)
Press: ? - help, Shift-Dir - straight line, f/p - adder
Aim: an adder (almost dead, 70% to hit)
The blast of sand misses the adder.
The adder closely misses you.
Casting: Sandblast (safe; 4% risk of failure)
Confirm with . or Enter, or press ? or * to list all spells.
Aiming: Sandblast (safe; 4% risk of failure)
Press: ? - help, Shift-Dir - straight line, f/p - adder
Aim: an adder (almost dead, 70% to hit)
The blast of sand hits the adder.
You kill the adder!
You have reached level 3!
Your experience leads to an increase in your attributes!
Your base attributes are Str 7, Int 17, Dex 12.
Increase (S)trength, (I)ntelligence, or (D)exterity?
You feel stronger. x2
You now have 83 gold pieces (gained 2).
Unknown command.
Magic courses through your body.
Are you sure you want to abandon this character and quit the game? (Confirm with "yes".)

... #.# #...... #.#
.........#.# #
........#.########..
.......#.#........#
........$.!..........#
#.#.#.#.###....†.....#
#.#.#.#.....@........#
.........)...........#
#.#..#........##.#####
#.#..##.#..#.......
#.#.....#..#..##.###
#.###.......#..#....
.[
#......#.#.....#...#.
. ######.#.......#...#
#<#########


There were no monsters in sight!

Vanquished Creatures
  An adder (D:2)
  2 endoplasms
  A hobgoblin (D:1)
  4 jackals (D:1)
  A kobold (D:1)
  A ball python (D:1)
  3 bats
  A goblin (D:2)
14 creatures vanquished.

Notes
Turn   | Place    | Note
-------+----------+-------------------------------------------
     0 | D:1      | MachoJfn the Octopode Earth Elementalist began the quest
                  | for the Orb.
     0 | D:1      | Reached XP level 1. HP: 11/11 MP: 3/3
   706 | D:1      | Reached XP level 2. HP: 15/17 MP: 1/5
  1121 | D:2      | Reached XP level 3. HP: 21/21 MP: 0/6
  1125 | D:2      | Quit the game

Illustrated notes

Levels and vault maps discovered:
D:1:      ncdulo_wetmaze, layout_basic, nicolae_figureground_pulse
D:2:      layout_basic, nrook_mini_vaults, nicolae_shop_unique_rings,
          minmay_misc_feat_tiny

Action                     || total
---------------------------++-------
  Melee: Spear             ||     7
         Constrict         ||     1
         Tentacles         ||     1
   Cast: Sandblast         ||    19
    Use: Potion            ||     1
  Dodge: Dodged            ||    11

Table legend: (Time is in decaauts)
 A = Elapsed time spent in this place.
 B = Non-inter-level travel time spent in this place.
 C = Inter-level travel time spent in this place.
 D = Time resting spent in this place.
 E = Time spent auto-exploring this place.
 F = Levels seen in this place.
 G = Mean time per level.
                   A        B        C        D        E       F      G
               +--------+--------+--------+--------+--------+-----+--------+
         Total |   1132 |    962 |    170 |     36 |    783 |   2 |  566.0 |
       Dungeon |   1132 |    962 |    170 |     36 |    783 |   2 |  566.0 |
               +--------+--------+--------+--------+--------+-----+--------+

Top non-repeatable levels by time:
     D:1: 1088 daAuts
     D:2: 44 daAuts
